 Dungeon Crawl Stone Soup version 0.17-a0-1920-gafa4d75 (webtiles) character file.

51 Kusio the Shooter (level 3, -7/29 HPs)
             Began as a Centaur Hunter on Sept 27, 2015.
             Was an Initiate of Trog.
             Killed from afar by Sigmund (12 damage)
             ... with a wand of frost
             ... on level 2 of the Dungeon.
             The game lasted 00:06:10 (1052 turns).

Kusio the Shooter (Centaur Hunter)                  Turns: 1052, Time: 00:06:10

Health: -7/29      AC:  4    Str: 14    XL:     3   Next: 58%
Magic:  3/3        EV:  9    Int: 10    God:    Trog [......]
Gold:   40         SH:  0    Dex: 10    Spells: 0 memorised, 2 levels left

rFire  . . .     SeeInvis .     a - +1 shortbow
rCold  . . .     Clarity  .     d - +0 leather armour
rNeg   . . .     SustAt   .     (no shield)
rPois  .         Gourm    .     (no helmet)
rElec  .         Spirit   .     (no cloak)
rCorr  .         Warding  .     (no gloves)
rMut   .         Stasis   .     (no barding)
MR     .....                    (no amulet)
Stlth  +.........               (no ring)
                                (no ring)

@: very quick, not resistant to hostile enchantments, very unstealthy
A: hooves 3, deformed body, speed 2, tough skin 3
a: Burn Spellbooks, Renounce Religion


You were on level 2 of the Dungeon.
You worshipped Trog.
Trog was noncommittal.
You were not hungry.

You visited 1 branch of the dungeon, and saw 2 of its levels.

You collected 40 gold pieces.

Inventory:

Hand weapons
 a - a +1 shortbow (weapon)
 c - a +0 short sword
Missiles
 b - 14 arrows (quivered)
 g - 8 needles of paralysis
 k - 8 tomahawks
Armour
 d - a +0 leather armour (worn)
Scrolls
 f - a scroll of noise {unknown}
 h - a scroll of remove curse {unknown}
 n - 2 scrolls of teleportation {unknown}
 o - a scroll of recharging {unknown}
 r - a scroll of random uselessness {unknown}
Potions
 j - 2 potions of might {unknown}
 p - a potion of curing {unknown}
Comestibles
 e - 2 bread rations
 i - 5 fruits
 l - a slice of pizza
 m - a meat ration


   Skills:
 - Level 2.0 Fighting
 + Level 6.8 Bows
 - Level 1.3 Dodging
 - Level 1.0 Stealth


You had 2 spell levels left.
You didn't know any spells.

Dungeon Overview and Level Annotations

Branches:
Dungeon (2/15)

Altars:
Trog

Annotations:
D:2 Sigmund


Innate Abilities, Weirdness & Mutations

You have hooves in place of feet.
Armour fits poorly on your strangely shaped body.
You cover ground very quickly.
You have extremely tough skin (AC +3).


Message History

a dagger; a goblin corpse You start resting.
Sigmund points at you and mumbles some strange words.
You are confused.
You bump into the rock wall.
Sigmund zaps a wand.
The puff of frost hits you!
* * * LOW HITPOINT WARNING * * *
It is a wand of frost.
You bump into the rock wall.
You bump into the rock wall.
Sigmund mumbles some strange words.
Sigmund flickers and vanishes!
You hear a zap.
A puff of frost appears from out of thin air!
The puff of frost misses you.
You bump into the rock wall.
You feel less confused.
You hear a zap.
A puff of frost appears from out of thin air!
The puff of frost hits you!
You die...

#############
...........>#
#######.###.# #.#
#.# #.# #.# #.#
#.# #######.#
#.###### #.....#.#
#......#
#.....#.########@#
#..............#.#
#.....#.####._.#.#
#..............#.#
#.......######...#
#.......<#..(†...#
#.......)...######
##..........#
##..........#


There were no monsters in sight!

Vanquished Creatures
  3 adders (D:2)
  A giant gecko (D:1)
  2 giant cockroaches (D:2)
  7 goblins
  2 hobgoblins (D:1)
  A kobold (D:1)
  A quokka (D:2)
  6 bats
  A giant newt (D:1)
  2 rats
26 creatures vanquished.

Notes
Turn   | Place    | Note
--------------------------------------------------------------
     0 | D:1      | Kusio the Centaur Hunter began the quest for the Orb.
     0 | D:1      | Reached XP level 1. HP: 17/17 MP: 1/1
   191 | D:1      | Reached skill level 1 in Stealth
   218 | D:1      | Reached XP level 2. HP: 24/24 MP: 2/2
   687 | D:2      | Reached skill level 6 in Bows
   818 | D:2      | Found a bloodstained altar of Trog.
   821 | D:2      | Became a worshipper of Trog the Wrathful
   830 | D:2      | Reached XP level 3. HP: 19/29 MP: 3/3
   945 | D:2      | Noticed Sigmund
  1052 | D:2      | Killed from afar by Sigmund

Vault maps used:
D:1:      nicolae_arrival_washed_ashore, serial_glass, glass_columns_c,
          glass_columns_b, minmay_strange_pillars, hangedman_decor_points
D:2:      first_bread, bloody_trog, uniq_sigmund

Action                   || total
-------------------------++-------
Melee: Shortbow          ||     1
 Fire: Shortbow          ||    87
